 Dungeon Crawl Stone Soup version 0.27-a0-1347-gd8886f0a89 (webtiles) character file.

Game seed: 9645385242842473993

71 Brandom the Sneak (level 4, 0/36 HPs)
             Began as a Human Delver on June 27, 2021.
             Was a Follower of Nemelex Xobeh.
             Slain by a quokka zombie (2 damage)
             ... in an ossuary.
             The game lasted 00:07:14 (1345 turns).

Brandom the Sneak (Human Delver)                    Turns: 1345, Time: 00:07:15

Health: 0/36       AC:  3    Str: 14    XL:     4   Next: 47%
Magic:  5/5        EV: 12    Int: 10    God:    Nemelex Xobeh [*.....]
Gold:   35         SH:  0    Dex: 20    Spells: 3/3 levels left

rFire    + . .     SeeInvis .   a - +0 mace
rCold    . . .     Faith    .   (no shield)
rNeg     . . .     Spirit   .   b - +0 leather armour
rPois    .         Reflect  .   (no helmet)
rElec    .         Harm     .   (no cloak)
rCorr    .         Rampage  .   (no gloves)
Will     .....                  (no boots)
Stlth    +++.......             (no amulet)
HPRegen  0.12/turn              g - +6 ring of dexterity
MPRegen  0.09/turn              d - ring of protection from fire

@: no status effects
A: no striking features
a: Renounce Religion, Draw Escape, Draw Destruction, Draw Summoning


You were in an ossuary.
You worshipped Nemelex Xobeh.
Nemelex Xobeh was aware of your devotion.
You visited 2 branches of the dungeon, and saw 3 of its levels.
You also visited: Ossuary.

You collected 35 gold pieces.

Inventory:

Hand Weapons
 a - a +0 mace (weapon)
Armour
 b - a +0 leather armour (worn)
Jewellery
 d - a ring of protection from fire (right hand)
   (You found it on level 4 of the Dungeon)
 g - a +6 ring of dexterity (left hand)
   (You found it on level 5 of the Dungeon)
Wands
 v - a wand of digging (3)
Scrolls
 c - a scroll of fog
 e - a scroll of fear
 h - a scroll of identify {unknown}


   Skills:
 * Level 3.6 Fighting
 * Level 2.7 Maces & Flails
 + Level 1.2 Armour
 + Level 2.4 Dodging
 - Level 5.0 Stealth
 + Level 1.4 Invocations


You had 3 spell levels left.
You didn't know any spells.
Your spell library was empty.

Dungeon Overview and Level Annotations

Branches:
Dungeon (5/15)             Temple (1/1) D:5         Ossuary (1/1)

Altars:
Cheibriados
Dithmenos
Elyvilon
Hepliaklqana
Makhleb
Nemelex Xobeh
Ru
Trog
Uskayaw
Wu Jian


Message History

You feel attractive to monsters. The mummy hits you!
* * * LOW HITPOINT WARNING * * *
The mummy is pulled toward you! The mummy is pulled toward you!
The mummy is pulled toward you!
Your magical contamination has completely faded away.
The mummy is pulled toward you! The mummy is pulled toward you!
There is an open door here.
The mummy is pulled toward you! The mummy is pulled toward you!
The mummy is pulled toward you! The mummy is pulled toward you!
The mummy is pulled toward you! The mummy is pulled toward you!
The mummy is pulled toward you!
A quokka zombie comes into view.
The mummy is pulled toward you! The quokka zombie is pulled toward you!
A quokka zombie comes into view.
The quokka zombie is pulled toward you! x2
A quokka zombie comes into view.
The quokka zombie bites you.
* * * LOW HITPOINT WARNING * * *
The quokka zombie is pulled toward you! x2
The quokka zombie closely misses you. The mummy is pulled toward you!
The quokka zombie is pulled toward you!
You feel less attractive to monsters.
A goblin zombie comes into view.
The quokka zombie closely misses you.
An elf zombie comes into view.
The quokka zombie bites you.
* * * LOW HITPOINT WARNING * * *
Okay, then.
The quokka zombie barely misses you. x2
The quokka zombie bites you.
* * * LOW HITPOINT WARNING * * *
The quokka zombie bites you.
* * * LOW HITPOINT WARNING * * *
The quokka zombie closely misses you.
The goblin zombie hits you but does no damage.
As you read the scroll labelled JUAPHU NYGUAGG, it crumbles to dust.
The creatures around you are filled with an inner flame!
It was a scroll of immolation.
The quokka zombie bites you but does no damage.
The elf zombie hits you.
* * * LOW HITPOINT WARNING * * *
The quokka zombie bites you but does no damage.
The quokka zombie bites you.
You die...
Your body disappears without a glow.

##################
.................#
.................#
#+#......###....#
##..M.##∩##...#
#ZZZ.#...#...#
#.@..#'#.#...#
##ZZ##.#.##..#
#..#??#..#..#
#..#??#..#.∩#
#..####..#..#
#..#.....#..#
#..#..##'#.∩#
#..#..#..#..#
##..##.#.##..#


You could see a mummy (inner flame), 3 quokka zombies, a goblin zombie (inner
flame) and an elf zombie (inner flame).

Vanquished Creatures
  A centaur zombie (Ossuary)
  2 mummies
  An adder zombie (Ossuary)
  An endoplasm (D:4)
  A gnoll zombie (Ossuary)
  A hobgoblin zombie (Ossuary)
  5 jackal zombies (Ossuary)
  4 kobold zombies (Ossuary)
  An orc zombie (Ossuary)
  2 quokka zombies (Ossuary)
  2 rat zombies (Ossuary)
21 creatures vanquished.

Notes
Turn   | Place    | Note
-------+----------+-------------------------------------------
     0 | D:5      | Brandom the Human Delver began the quest for the Orb.
     0 | D:5      | Reached XP level 1. HP: 18/18 MP: 1/1
    14 | D:5      | Found a staircase to the Ecumenical Temple.
    23 | Temple   | Entered the Ecumenical Temple
    74 | Temple   | Became a worshipper of Nemelex Xobeh the Trickster
   175 | D:5      | Noticed a howler monkey
   233 | D:5      | Noticed an iguana
   276 | D:5      | Noticed a phantom
   421 | D:4      | Noticed a phantom
   434 | D:4      | Found a sand-covered staircase.
   450 | D:4      | Reached XP level 2. HP: 21/24 MP: 2/2
   483 | Ossuary  | Entered an ossuary
   483 | Ossuary  | Reached * piety under Nemelex Xobeh
   776 | Ossuary  | Reached XP level 3. HP: 23/29 MP: 3/3
   924 | Ossuary  | Reached skill level 1 in Invocations
   945 | Ossuary  | Reached skill level 1 in Armour
   945 | Ossuary  | Reached XP level 4. HP: 4/35 MP: 4/4
  1345 | Ossuary  | Slain by a quokka zombie

Illustrated notes

Levels and vault maps discovered:
D:4:      layout_loops_corners, nicolae_ossuary_entry_giza
D:5:      layout_basic, lemuel_crystal_altar, minmay_temple_entry_trees
Temple:   eino_wide_crystal_templ
Ossuary:  minmay_ossuary_two_tombs

Skill      XL: |  1  2  3 |
---------------+----------+-----
Invocations    | 1 |  1.4
Armour         | 1 |  1.2
Fighting       | |  3.6
Maces & Flails | |  2.7
Dodging        | |  2.4
Stealth        | |  5.0

Action                   |  1- 3 |  4- 6 || total
-------------------------+-------+-------++-------
Melee: Mace              |    84 |    17 ||   101
  Use: Potion            |     3 |     3 ||     6
       Scroll            |     1 |     1 ||     2
 Stab: Invisible         |     4 |     2 ||     6
       Sleeping          |       |     1 ||     1
Armor: Leather armour    |    29 |     6 ||    35
Dodge: Dodged            |    52 |    11 ||    63

Table legend: (Time is in decaauts)
 A = Elapsed time spent in this place.
 B = Non-inter-level travel time spent in this place.
 C = Inter-level travel time spent in this place.
 D = Time resting spent in this place.
 E = Time spent auto-exploring this place.
 F = Levels seen in this place.
 G = Mean time per level.
                   A        B        C        D        E       F      G
               +--------+--------+--------+--------+--------+-----+--------+
         Total |   1354 |   1354 |      0 |    548 |    170 |   4 |  338.5 |
       Dungeon |    388 |    388 |      0 |     87 |    102 |   2 |  194.0 |
        Temple |     78 |     78 |      0 |      0 |     46 |   1 |   78.0 |
       Ossuary |    887 |    887 |      0 |    461 |     22 |   1 |  887.0 |
               +--------+--------+--------+--------+--------+-----+--------+

Top non-repeatable levels by time:
 Ossuary: 887 daAuts
     D:5: 288 daAuts
     D:4: 100 daAuts
  Temple: 78 daAuts
